 Dungeon Crawl Stone Soup version 0.31.0-12-g77e489cdc1 (webtiles) character file.

Game seed: 13758111221750939694

56 Killerpretzel the Changeling (level 3, -2/24 HPs)
             Began as an Octopode Shapeshifter on Mar 2, 2024.
             Killed by divine providence
             ... invoked by an orc priest
              (11 damage)
             ... on level 3 of the Dungeon.
             The game lasted 00:00:34 (1459 turns).

Killerpretzel the Changeling (OpSh)                 Turns: 1459, Time: 00:00:35

Health: -2/24      AC:  1    Str: 13    XL:     3   Next: 95%
Magic:  3/3        EV: 13    Int: 12    God:
Gold:   147        SH:  0    Dex: 13    Spells: 2/2 levels left

rFire   . .          .
                       - Unarmed
rCold   . . .        (no shield)
rNeg    . . .        (helmet currently unavailable)
rPois   .            (no amulet)
rElec   .            (no ring)
rCorr   .            (no ring)
SInv    .            (no ring)
Will    .....        (no ring)
Stlth   ++           (no ring)
HPRegen 0.24/turn    (no ring)
MPRegen 0.08/turn    (no ring)
                     (no ring)

%: no passive effects
@: beast-form
A: beast (slay +2), almost no armour, amphibious, 8 rings, camouflage 1,
gelatinous body 1, (nimble swimmer 1), tentacles
a: Begin Untransformation


You were on level 3 of the Dungeon.
You were a hulking beast.
You visited 1 branch of the dungeon, and saw 3 of its levels.

You collected 147 gold pieces.

Inventory:

Talismans
 b - a beast talisman
 c - a flux talisman
Scrolls
 d - a scroll of identify {unknown}
Potions
 a - a potion of lignification


   Skills:
 + Level 1.7 Fighting
 + Level 2.5 Dodging
 + Level 3.3 Unarmed Combat
 * Level 3.6 Shapeshifting


You had 2 spell levels left.
You didn't know any spells.
Your spell library was empty.

Dungeon Overview and Level Annotations

Branches:
Dungeon (3/15)

Altars:


Innate Abilities, Weirdness & Mutations

You are a hulking beast.
Your limbs bulge with bestial killing power. (Slay +2)
You cannot wear most types of armour.
You are amphibious.
You can wear up to eight rings at the same time.
Your skin changes colour to match your surroundings (Stealth+).
Your rubbery body absorbs attacks. (AC +1, EV +1)
((You are camouflaged when in or above water. (Stealth+)))
You have tentacles for arms and can constrict up to eight enemies at once.


Message History

There are monsters nearby!
You are too injured to fight recklessly!
You are too injured to fight recklessly!
You are too injured to fight recklessly!
You are too injured to fight recklessly!
You are too injured to fight recklessly!
You are too injured to fight recklessly!
You are too injured to fight recklessly!
You are too injured to fight recklessly!
You are too injured to fight recklessly!
You are too injured to fight recklessly!
There are monsters nearby!
You are too injured to fight recklessly!
You are too injured to fight recklessly!
You are too injured to fight recklessly!
You are too injured to fight recklessly!
You are too injured to fight recklessly!
You are too injured to fight recklessly!
You are too injured to fight recklessly!
You are too injured to fight recklessly!
You are too injured to fight recklessly!
You are too injured to fight recklessly!
There are monsters nearby!
You are too injured to fight recklessly!
You are too injured to fight recklessly!
You are too injured to fight recklessly!
You are too injured to fight recklessly!
You are too injured to fight recklessly!
You are too injured to fight recklessly!
You are too injured to fight recklessly!
You are too injured to fight recklessly!
You are too injured to fight recklessly!
You are too injured to fight recklessly!
There are monsters nearby!
You tentacle-slap the orc priest. Your grab misses the orc priest.
The orc priest is lightly wounded.
The orc priest hits you with a +0 hand axe.
The orc priest calls down the wrath of Beogh upon you.
Beogh smites you!
You die...

##. #..>. ... #...# ###
#...# #...# #$..# #...#
#####...#
#...!...######### ###
##.###.#..hooo....
..#####...##.###########
#............#
#######...#### ##.## #.#
#.###### #......#
######.#


You could see 2 orc priests and an orc.

Vanquished Creatures
  2 ribbon worms (D:2)
  An orc (D:3)
  5 ball pythons
  5 bats
  2 endoplasms (D:1)
  2 giant cockroaches (D:1)
  9 goblins
  7 hobgoblins
  2 kobolds
  2 quokkas (D:1)
  2 frilled lizards
  6 rats
45 creatures vanquished.

Notes
Turn   | Place    | Note
-------+----------+-------------------------------------------
     0 | D:1      | Killerpretzel the Octopode Shapeshifter began the quest for
                  | the Orb.
     0 | D:1      | Reached XP level 1. HP: 13/13 MP: 1/1
   129 | D:1      | Reached XP level 2. HP: 18/18 MP: 2/2
   389 | D:1      | Reached XP level 3. HP: 21/23 MP: 3/3
  1459 | D:3      | Killed from afar by an orc priest

Illustrated notes

Levels and vault maps discovered:
D:1:      dpeg_arrival_tiny_j, layout_basic, serial_forest,
          infiniplex_forest_lined_corner, infiniplex_forest_clump_double,
          infiniplex_forest_join, infiniplex_forest_lined_room_3,
          infiniplex_forest_lined_room_2, infiniplex_forest_clump_tiny,
          infiniplex_forest_lined_3_way, infiniplex_forest_straight_2,
          minivault_23, minmay_misc_feat_pillars
D:2:      layout_basic
D:3:      layout_loops_ring

Action                     || total
---------------------------++-------
  Melee: Unarmed           ||    78
         Constrict         ||    19
         Tentacles         ||    13
         Punch             ||     2
    Use: Scroll            ||     3
   Stab: Sleeping          ||     7
 Armour: Skin              ||    24
  Dodge: Dodged            ||    38
